cohdb
Replays
Latest Replays
All Replays
Popular Replays
Top Player Replays
Match Explorer
How It Works
Community
CoH3 Stats
Reddit
Sign in to upload your games and track your stats! →
Sign in with Steam
Match 45532340
Unlisted
Match 45532340
Overview
Messages
Build Orders
End
Engineer Squad
Construct Barracks
Selects Heavy Weapons
Riflemen Squad
Riflemen Squad
Riflemen Squad
Construct Medical Station
Grenade Package
Mechanized Support Center
Selects M2HB .50cal Heavy Machine Gun
Construct Weapon Support Center
Selects Assault Carriers
M1919 Machine Gun Team
Construct Motor Pool
Selects Exchangeable Parts
M3 Assault Carrier
M8 Greyhound Armored Car
Designate Forward Repair Station
M1 Anti-tank Gun Team
Construct Tank Depot
M1 Anti-tank Gun Team
Sierra39
Mistmoon
KрепкийOрешек
Coyle
[PD]Lurgi
[PD] Ducktus
[PD]Brink
Nico-Nico-Nii~~
0
0
Comments
sign in to comment!
No comments posted yet!